 Dungeon Crawl Stone Soup version 0.29.1 (webtiles) character file.

Game seed: 18033576527264451519

19 NinjaNoafa the Chopper (level 2, 23/26 HPs)
             Began as a Hill Orc Monk on Sept 12, 2022.
             Quit the game on level 1 of the Dungeon.
             The game lasted 00:01:45 (996 turns).

NinjaNoafa the Chopper (Hill Orc Monk)               Turns: 996, Time: 00:01:45

Health: 23/26      AC:  2    Str: 13    XL:     2   Next: 75%
Magic:  11/11      EV: 12    Int: 10    God:
Gold:   32         SH:  0    Dex: 13    Spells: 1/1 levels left

rFire   . . .      SeeInvis .   a - +0 hand axe
rCold   . . .      Faith    .   (no shield)
rNeg    . . .      Spirit   .   b - +0 robe
rPois   .          Reflect  .   (no helmet)
rElec   .          Harm     .   (no cloak)
rCorr   .          Rampage  .   (no gloves)
Will    .....                   (no boots)
Stlth   ++........              (no amulet)
HPRegen 0.08/turn               e - ring of magical power
MPRegen 0.12/turn               (no ring)

@: no status effects
A: no striking features
a: no special abilities


You were on level 1 of the Dungeon.
You visited 1 branch of the dungeon, and saw 1 of its levels.

You collected 32 gold pieces.

Inventory:

Hand Weapons
 a - a +0 hand axe (weapon)
Missiles
 d - 5 javelins (quivered)
Armour
 b - a +0 robe (worn)
Jewellery
 e - a ring of magical power (left hand)
 i - a ring of fire
Scrolls
 f - 4 scrolls of identify {unknown}
 h - a scroll of teleportation {unknown}
Potions
 c - a potion of ambrosia
 g - a potion of lignification {unknown}
 j - a potion of haste {unknown}


   Skills:
 - Level 3.6 Fighting
 + Level 4.7 Axes
 + Level 1.6 Armour
 - Level 2.4 Dodging
 - Level 1.5 Stealth


You had one spell level left.
You didn't know any spells.
Your spell library was empty.

Dungeon Overview and Level Annotations

Branches:
Dungeon (1/15)

Altars:


Message History

You hit the goblin.
The goblin is heavily wounded.
The goblin barely misses you.
You hit the goblin.
You kill the goblin!
Things that are here:
a +0 dagger; a goblin corpse
Things that are here:
a +0 dagger; a goblin corpse A kobold comes into view.
It is wielding a +0 dagger.
A kobold is nearby!
The kobold shouts!
The kobold barely misses you.
You hit the kobold but do no damage.
A giant cockroach comes into view.
The kobold hits you with a +0 dagger.
You barely miss the kobold. The kobold hits you but does no damage.
You hit the kobold.
You kill the kobold!
The giant cockroach closely misses you.
You see here a +0 dagger.
You closely miss the giant cockroach. The giant cockroach closely misses you.
You closely miss the giant cockroach.
The giant cockroach bites you but does no damage.
You closely miss the giant cockroach. The giant cockroach misses you.
You hit the giant cockroach.
The giant cockroach is moderately wounded.
The giant cockroach barely misses you. The giant cockroach closely misses you.
You hit the giant cockroach.
You kill the giant cockroach!
A goblin comes into view. It is wielding a +0 dagger.
Saving game... please wait.
Welcome back, NinjaNoafa the Hill Orc Monk.
Press ? for a list of commands and other information.
The goblin shouts!
The goblin hits you with a +0 dagger.
You hit the goblin.
You kill the goblin!
You see here a +0 dagger.
Are you sure you want to abandon this character and quit the game? (Confirm with "yes".)

#.# #)# #.# #.#
#.####.#### #.#
#.#.......#
####.#######.#.#####.#
#............# #.#####
.............# #.....#
#.##....####.# #.###.#
#.#####.# #.#.#####.#
#.# #.# #.# #.#..@.)..#
#.# #.# #.# #.#########
#.# #.#####.####.# #.#
#............# #.#
#######.######
########.####
##.#########.†.........#
#
#............#########.#
# #..########### #.# #
#..# #.#


There were no monsters in sight!

Vanquished Creatures
  A bat (D:1)
  An endoplasm (D:1)
  2 giant cockroaches (D:1)
  3 goblins (D:1)
  A hobgoblin (D:1)
  2 ball pythons (D:1)
  A frilled lizard (D:1)
  4 kobolds (D:1)
  2 rats (D:1)
17 creatures vanquished.

Notes
Turn   | Place    | Note
-------+----------+-------------------------------------------
     0 | D:1      | NinjaNoafa the Hill Orc Monk began the quest for the Orb.
     0 | D:1      | Reached XP level 1. HP: 19/19 MP: 1/1
   226 | D:1      | Reached skill level 1 in Armour
   226 | D:1      | Reached XP level 2. HP: 19/26 MP: 2/2
   991 | D:1      | Upgraded the game from 0.29.0-15-g675c0067aa to 0.29.1
   996 | D:1      | Quit the game

Illustrated notes

Levels and vault maps discovered:
D:1:      amcnicky_arrival_flooded_fountain, layout_loops_ring

Skill      XL: |  1 |
---------------+----+-----
Armour         | 1 |  1.6
Fighting       | |  3.6
Axes           | |  4.7
Dodging        | |  2.4
Stealth        | |  1.5

Action                   || total
-------------------------++-------
Melee: Hand axe          ||    42
 Stab: Sleeping          ||     6
Armor: Robe              ||     6
Dodge: Dodged            ||    23
